 Dungeon Crawl Stone Soup version 0.23.1-37-gaa34b87 (webtiles) character file.

Game seed: 5093551039943784447

1041 vishdafish the Cleaver (level 8, -2/58 HPs)
             Began as a Demonspawn Fighter on Mar 23, 2019.
             Was an Initiate of Gozag.
             Slain by Pikel
             ... wielding a +2 whip of flaming
              (3 damage)
             ... on level 5 of the Dungeon.
             The game lasted 00:05:59 (4037 turns).

vishdafish the Cleaver (Demonspawn Fighter)         Turns: 4037, Time: 00:06:00

Health: -2/58      AC:  6    Str: 17    XL:     8   Next: 4%
Magic:  8/8        EV:  7    Int: 11    God:    Gozag
Gold:   709        SH:  9    Dex: 12    Spells: 7/7 levels left

rFire    . . .     SeeInvis .   a - +0 war axe
rCold    . . .     Gourm    .   c - +0 shield
rNeg     . . .     Faith    .   b - +0 scale mail
rPois    .         Spirit   .   (helmet restricted)
rElec    .         Reflect  .   (no cloak)
rCorr    .         Harm     .   (no gloves)
MR       .....                  (no boots)
Stlth    ..........             m - amulet of magic regeneration
HPRegen  0.19/turn              g - -3 ring of intelligence (curse)
MPRegen  0.36/turn              (no ring)

@: no status effects
A: claws 1, horns 2, clever 1, demonic guardian 1, wild magic 1
a: Potion Petition, Call Merchant, Bribe Branch, Renounce Religion


You were on level 5 of the Dungeon.
You worshipped Gozag.
Gozag was pleased with you.
You were hungry.

You visited 1 branch of the dungeon, and saw 5 of its levels.
You also visited: Sewer.

You collected 735 gold pieces.
You paid 26 gold pieces to Gozag.

Inventory:

Hand Weapons
 a - a +0 war axe (weapon)
Armour
 b - a +0 scale mail (worn)
 c - a +0 shield (worn)
Jewellery
 g - a cursed -3 ring of intelligence (left claw)
 m - an amulet of magic regeneration (around neck)
Wands
 l - a wand of enslavement (2)
Scrolls
 e - a scroll of blinking {unknown}
 h - 4 scrolls of remove curse
 i - a scroll of noise {unknown}
 o - a scroll of magic mapping {unknown}
 p - 4 scrolls of teleportation {unknown}
 r - 2 scrolls of identify
 u - 2 scrolls of immolation {unknown}
Potions
 d - a potion of might
 j - 2 potions of brilliance {unknown}
 k - a potion of curing
 n - a potion of heal wounds {unknown}
 q - a potion of haste
 s - a potion of lignification {unknown}
 t - a potion of magic {unknown}
Comestibles
 f - 11 rations


   Skills:
 - Level 3.3 Fighting
 * Level 8.4 Axes
 - Level 3.0 Armour
 - Level 3.1 Shields


You had 7 spell levels left.
You didn't know any spells.
Your spell library was empty.

Dungeon Overview and Level Annotations

Branches:
Dungeon (5/15)
 Temple: D:4-7

Altars:
Cheibriados
Gozag
Okawaru

Annotations:
D:5 Eustachio, Pikel


Innate Abilities, Weirdness & Mutations

You have sharp fingernails.
You have a pair of horns on your head.
A weak demonic guardian rushes to your aid.
Your mind is acute. (Int +2)
Your spells are a little harder to cast, but a little more powerful.


Message History

Pikel burns your white imp.
Your white imp closely misses Pikel.
Your white imp hits Pikel.
Your white imp freezes Pikel.
Pikel hits your white imp with a +2 whip of flaming.
Pikel burns your white imp.
Your white imp dies!
Evoke which item? (* to show all) (? for menu, Esc to quit)
Okay, then.
Okay, then.
You hit Pikel.
Pikel is almost dead.
Pikel hits you with a +2 whip of flaming.
* * * LOW HITPOINT WARNING * * *
Pikel burns you.
* * * LOW HITPOINT WARNING * * *
Pikel waves a pair of manacles at you.
Pikel hits you with a +2 whip of flaming.
* * * LOW HITPOINT WARNING * * *
Pikel burns you.
You die...
Your body crumbles into a pile of gold.

##...###..#####
#...# #...#
#...# #...##
#...###.#..#
#.......#..#
#...#####..#
##### #..#
##.######p#
#.>@Kppp.#
##########


You could see Pikel and 4 slaves.

Vanquished Creatures
  Edmund (D:5)
  Duvessa (D:5)
  An ogre (D:4)
  A centaur (D:2)
  2 bullfrogs (Sewer)
  Dowan (D:5)
  A bullfrog zombie (D:2)
  2 hounds (D:5)
  An orc priest (D:3)
  2 iguanas (D:4)
  3 worker ants (D:4)
  7 adders
  A shadow imp (D:5)
  3 dart slugs
  9 leopard geckos
  16 orcs
  7 bats
  18 giant cockroaches
  9 goblins
  8 hobgoblins
  4 jackals (D:4)
  5 quokkas
  2 ball pythons
  12 frilled lizards
  4 kobolds
  8 rats
129 creatures vanquished.

Vanquished Creatures (others)
  A jelly (D:4)
1 creature vanquished.

Grand Total: 130 creatures vanquished

Notes
Turn   | Place    | Note
-------+----------+-------------------------------------------
     0 | D:1      | vishdafish the Demonspawn Fighter began the quest for the
                  | Orb.
     0 | D:1      | Reached XP level 1. HP: 18/18 MP: 1/1
    51 | D:1      | Gained mutation: You have a pair of small horns on your
                  | head. [demonic ancestry]
    51 | D:1      | Reached XP level 2. HP: 20/24 MP: 2/2
   231 | D:1      | Reached skill level 2 in Axes
   294 | D:1      | Reached XP level 3. HP: 28/29 MP: 3/3
   590 | D:2      | Noticed a centaur
   597 | D:2      | Killed a centaur
   597 | D:2      | Reached skill level 3 in Axes
   597 | D:2      | Gained mutation: You have a pair of horns on your head.
                  | [demonic ancestry]
   597 | D:2      | Reached XP level 4. HP: 29/35 MP: 4/4
   627 | D:2      | Reached skill level 4 in Axes
   659 | D:2      | Reached XP level 5. HP: 28/41 MP: 5/5
   954 | D:2      | Found an opulent altar of Gozag.
   954 | D:2      | Found a snail-covered altar of Cheibriados.
   977 | D:2      | Became a worshipper of Gozag Ym Sagoz the Greedy
  1202 | D:3      | Reached skill level 5 in Axes
  1569 | D:4      | Found a glowing drain.
  1586 | D:4      | Gained mutation: You have sharp fingernails. [demonic
                  | ancestry]
  1586 | D:4      | Reached XP level 6. HP: 46/47 MP: 6/6
  1591 | Sewer    | Entered a sewer
  1989 | Sewer    | Gained mutation: You are weak. (Str -2) [potion of
                  | mutation]
  1989 | Sewer    | Gained mutation: You have very sharp fingernails. [potion
                  | of mutation]
  1992 | Sewer    | Reached skill level 6 in Axes
  1997 | Sewer    | Lost mutation: You have very sharp fingernails. [potion of
                  | mutation]
  1997 | Sewer    | Lost mutation: You are weak. (Str -2) [potion of mutation]
  1997 | Sewer    | Gained mutation: Your spells are a little harder to cast,
                  | but a little more powerful. [potion of mutation]
  1997 | Sewer    | Gained mutation: Your mind is acute. (Int +2) [potion of
                  | mutation]
  2788 | D:4      | Found an iron altar of Okawaru.
  2865 | D:4      | Reached XP level 7. HP: 26/52 MP: 7/7
  3611 | D:5      | Entered Level 5 of the Dungeon
  3611 | D:5      | Noticed Edmund
  3617 | D:5      | Killed Edmund
  3617 | D:5      | Reached skill level 7 in Axes
  3633 | D:5      | Noticed Eustachio
  3864 | D:5      | Noticed Duvessa
  3864 | D:5      | Noticed Dowan
  3879 | D:5      | Killed Duvessa
  3879 | D:5      | Reached skill level 8 in Axes
  3901 | D:5      | Killed Dowan
  3901 | D:5      | Gained mutation: A weak demonic guardian rushes to your
                  | aid. [demonic ancestry]
  3901 | D:5      | Reached XP level 8. HP: 41/58 MP: 8/8
  4014 | D:5      | Noticed Pikel
  4037 | D:5      | HP: 1/58 [Pikel/+2 whip of flaming (6)]
  4037 | D:5      | Slain by Pikel

Skill      XL: |  1  2  3  4  5  6  7 |
---------------+----------------------+-----
Shields        | 3 |  3.1
Armour         | 3 |  3.0
Axes           | 2 3 4 5 6 8 |  8.4
Fighting       | |  3.3

Action                   |  1- 3 |  4- 6 |  7- 9 || total
-------------------------+-------+-------+-------++-------
Melee: War axe           |    72 |   202 |   109 ||   383
       Headbutt          |     9 |    28 |    15 ||    52
Invok: Potion Petition   |       |     1 |       ||     1
Evoke: Wand              |       |     2 |     1 ||     3
  Use: Potion            |       |     4 |     1 ||     5
       Scroll            |       |     4 |       ||     4
 Stab: Invisible         |       |     1 |       ||     1
  Eat: Ration            |       |     2 |     1 ||     3
Armor: Scale mail        |    45 |    88 |    35 ||   168
Dodge: Dodged            |    26 |    49 |    19 ||    94
Block: Shield            |    42 |   102 |    49 ||   193
